 Dungeon Crawl Stone Soup version 0.21.1-1-g345015fe64 (webtiles) character file.

22356 GreeedyOne the Severer (level 13, 0/98 HPs)
             Began as a Formicid Fighter on July 22, 2018.
             Was a Follower of Uskayaw.
             Slain by a six-headed hydra (5 damage)
             ... on level 3 of the Lair of Beasts on July 23, 2018.
             The game lasted 00:44:56 (15982 turns).

GreeedyOne the Severer (Formicid Fighter)          Turns: 15982, Time: 00:44:57

Health: 0/98       AC: 17    Str: 25    XL:     13   Next: 26%
Magic:  15/15      EV:  9    Int:  9    God:    Uskayaw [*.....]
Gold:   719        SH: 21    Dex: 10    Spells: 12/12 levels left

rFire    . . .     SeeInvis +   a - +0 war axe
rCold    . . .     Gourm    .   Q - +0 large shield
rNeg     . . .     Faith    .   U - +1 chain mail {MR+}
rPois    .         Spirit   .   (helmet unavailable)
rElec    .         Reflect  +   (no cloak)
rCorr    .         Harm     .   g - +0 pair of gloves
MR       ++...                  J - +0 pair of boots
Stlth    ..........             B - +3 amulet of reflection
HPRegen  0.26/turn              k - +2 ring of evasion
MPRegen  0.14/turn              H - +3 ring of protection

@: lethally poisoned (0 -> 0)
A: permanent stasis, dig shafts and tunnels, four strong arms, antennae 3
a: Dig, Shaft Self, Stomp, Renounce Religion


You were on level 3 of the Lair of Beasts.
You worshipped Uskayaw.
Uskayaw was noncommittal.
You were not hungry.

You visited 3 branches of the dungeon, and saw 15 of its levels.
You also visited: Sewer.

You collected 719 gold pieces.

Inventory:

Hand Weapons
 a - a +0 war axe (weapon)
Armour
 c - a +0 shield
 g - a +0 pair of gloves (worn)
 E - a +0 chain mail
 J - a +0 pair of boots (worn)
 M - a +0 plate armour
 N - a +2 shield
 Q - a +0 large shield (worn)
 U - a +1 chain mail of magic resistance (worn)
Jewellery
 k - a +2 ring of evasion (left hand)
 n - an uncursed ring of ice
 s - an uncursed ring of resist corrosion
 B - a +3 amulet of reflection (around neck)
 H - a +3 ring of protection (right hand)
 V - an uncursed ring of fire
Wands
 o - a wand of iceblast (14)
 z - a wand of flame (57)
 F - a wand of digging (9)
 P - a wand of polymorph (6)
 S - a wand of acid (4)
Scrolls
 b - 3 scrolls of enchant weapon {unknown}
 e - 3 scrolls of noise
 i - 3 scrolls of remove curse
 j - a scroll of identify
 p - a scroll of blinking {unknown}
 t - 9 scrolls of teleportation
 v - 2 scrolls of fear {unknown}
 y - 2 scrolls of enchant armour {unknown}
 A - 2 scrolls of random uselessness {unknown}
 D - 2 scrolls of fog {unknown}
 G - a scroll of magic mapping {unknown}
 T - 2 scrolls of amnesia {unknown}
Potions
 d - 3 potions of might
 h - 5 potions of curing {unknown}
 l - 2 potions of degeneration {unknown}
 m - 2 potions of lignification
 q - 5 potions of haste {unknown}
 r - 2 potions of mutation {unknown}
 u - a potion of invisibility {unknown}
 w - 4 potions of flight {unknown}
 x - 3 potions of brilliance {unknown}
 C - 2 potions of resistance
 K - 2 potions of agility
 L - a potion of magic
Books
 I - a book of Air

   Spells                             Type                      Level
   a - Shock                          Conjuration/Air              1
   b - Swiftness                      Charms/Air                   2
   c - Static Discharge               Conjuration/Air              3
   d - Airstrike                      Air                          4
   e - Lightning Bolt                 Conjuration/Air              5
 O - a book of Frost

   Spells                             Type                      Level
   a - Freeze                         Ice                          1
   b - Throw Frost                    Conjuration/Ice              2
   c - Ozocubu's Armour               Charms/Ice                   3
   d - Throw Icicle                   Conjuration/Ice              4
   e - Summon Ice Beast               Ice/Summoning                4
 R - a book of Misfortune

   Spells                             Type                      Level
   a - Confusing Touch                Hexes                        1
   b - Confuse                        Hexes                        3
   c - Gell's Gravitas                Translocation                3
   d - Petrify                        Transmutation/Earth          4
   e - Metabolic Englaciation         Hexes/Ice                    5
   f - Yara's Violent Unravelling     Hexes/Transmutation          5
Comestibles
 f - 11 rations


   Skills:
 + Level 7.7 Fighting
 - Level 16.0 Axes
 + Level 7.7 Armour
 + Level 11.5 Shields
 + Level 3.3 Invocations


You had 12 spell levels left.
You didn't know any spells.

Dungeon Overview and Level Annotations

Branches:
Dungeon (10/15)            Temple (1/1) D:6            Lair (4/6) D:10
 Spider (0/4) Lair:3          Orc (0/2) D:10
  Swamp: Lair:2-4    Shoals: Lair:2-4

Altars:
Ashenzari
Fedhas
Gozag
Kikubaaqudgha
Makhleb
Nemelex Xobeh
Okawaru
Qazlal
Ru
Trog
Uskayaw
Vehumet
Wu Jian
Zin

Annotations:
D:4 Sapher's ghost, weakling GnNe


Innate Abilities, Weirdness & Mutations

You cannot be hasted, slowed, berserked, paralysed or teleported.
You can dig through walls and to a lower floor.
Your four strong arms can wield two-handed weapons with a shield.
You have a pair of large antennae on your head. (SInv)


Message History

You feel sick.
Uskayaw prepares the audience for your solo!
You feel sick.
The six-headed hydra is no longer paralysed.
You can no longer merge with and destroy a victim.
You feel sick.
You feel sick.
There is a stone staircase leading up here.
You feel sick.
You can no longer pass through a line of other dancers.
You feel sick.
You feel sick.
You feel sick.
You feel sick.
You block the six-headed hydra's attack. x2
The six-headed hydra closely misses you.
The six-headed hydra bites you!
* * * LOW HITPOINT WARNING * * *
The six-headed hydra bites you.
You die...

### #...........# #
###........## ####
#.#.......## ##.##
#######........#
.##.####P#P#..........##
...#.#...........#.....#
................##....##
................D.....#
................@....##
.....................##
............##........##
....##......###........#
P.####.....###......#..#
### #.###### ####.##.###
# ### ###### ## .#


You could see a six-headed hydra.

Vanquished Creatures
  A hydra (Lair:1)
  3 two-headed ogres
  The ghost of Mirvelgyr the Severer, a novice MiBe of Trog (D:9)
  A deep elf mage (D:10)
  Joseph (D:8)
  9 elephants
  A black mamba (Lair:2)
  6 spiny frogs
  A torpor snail (Lair:3)
  5 komodo dragons
  5 trolls
  12 blink frogs
  A hornet (D:9)
  5 hippogriffs
  A redback (Lair:3)
  A spriggan (Lair:2)
  2 basilisks
  7 yaks
  Menkaure (D:5)
  7 water moccasins
  4 porcupines
  2 orc warriors
  An ice beast (D:9)
  3 ogres
  2 sky beasts
  An eye of draining (D:9)
  4 wolves (Lair:3)
  6 centaurs
  A crocodile (Lair:2)
  A big kobold (D:10)
  9 bullfrogs
  A water moccasin zombie (D:5)
  A water moccasin skeleton (D:5)
  6 killer bees
  3 howler monkeys
  5 wights (D:9)
  3 crimson imps
  A quasit (D:10)
  A bullfrog zombie (D:7)
  A gnoll shaman (D:4)
  2 jellies (D:6)
  2 orc priests
  5 hounds
  7 orc wizards
  Jessica (D:2)
  2 iguanas
  5 worker ants
  2 killer bee zombies
  A hound zombie (D:7)
  2 hound skeletons (D:5)
  2 worker ant zombies (D:9)
  8 gnolls
  11 adders
  2 shadow imps
  An ooze (Sewer)
  An adder zombie (D:7)
  11 worms
  3 dart slugs
  7 leopard geckos
  36 orcs
  2 ball pythons
  14 bats
  10 giant cockroaches
  13 goblins
  11 hobgoblins
  12 jackals
  3 quokkas
  8 frilled lizards
  11 kobolds
  3 leopard gecko skeletons
  14 rats
  A fungus (Lair:3)
340 creatures vanquished.

Vanquished Creatures (others)
  A fungus (Lair:2)
1 creature vanquished.

Grand Total: 341 creatures vanquished

Notes
Turn   | Place    | Note
-------+----------+-------------------------------------------
     0 | D:1      | GreeedyOne the Formicid Fighter began the quest for the Orb.
     0 | D:1      | Reached XP level 1. HP: 18/18 MP: 1/1
   165 | D:1      | Reached XP level 2. HP: 24/24 MP: 2/2
   202 | D:1      | Reached skill level 3 in Axes
   210 | D:1      | Reached XP level 3. HP: 27/29 MP: 3/3
   836 | D:2      | Reached skill level 4 in Axes
   836 | D:2      | Reached XP level 4. HP: 35/35 MP: 4/4
   847 | D:2      | Found an ornate altar of the Wu Jian Council.
   878 | D:2      | Noticed Jessica
   892 | D:2      | Killed Jessica
   947 | D:2      | Found a burning altar of Makhleb.
  1073 | D:2      | Reached XP level 5. HP: 40/41 MP: 5/5
  1225 | D:2      | Reached skill level 5 in Axes
  2565 | D:4      | Found a glowing silver altar of Zin.
  2569 | D:4      | Reached XP level 6. HP: 43/47 MP: 6/6
  2644 | D:4      | Reached skill level 6 in Axes
  2752 | D:4      | Noticed an ogre
  2777 | D:4      | Killed an ogre
  2777 | D:4      | Reached skill level 7 in Axes
  2777 | D:4      | Reached XP level 7. HP: 7/52 MP: 7/7
  2849 | D:4      | Found a glowing drain.
  2858 | Sewer    | Entered a sewer
  3557 | D:4      | Noticed Sapher's ghost (weakling GnNe)
  3756 | D:5      | Entered Level 5 of the Dungeon
  4034 | D:5      | Reached skill level 8 in Axes
  4064 | D:5      | Reached XP level 8. HP: 55/58 MP: 8/8
  4112 | D:5      | Found a bloodstained altar of Trog.
  4141 | D:5      | Noticed Menkaure
  4175 | D:5      | Reached skill level 9 in Axes
  4561 | D:5      | Killed Menkaure
  4896 | D:6      | Reached skill level 10 in Axes
  4990 | D:6      | Found a staircase to the Ecumenical Temple.
  5018 | Temple   | Entered the Ecumenical Temple
  5076 | Temple   | Became a worshipper of Uskayaw the Reveler
  5128 | D:6      | Reached * piety under Uskayaw
  5327 | D:6      | Reached ** piety under Uskayaw
  5333 | D:6      | Reached XP level 9. HP: 64/64 MP: 9/9
  5670 | D:6      | Reached *** piety under Uskayaw
  5671 | D:6      | Reached skill level 11 in Axes
  5926 | D:6      | Found a shattered altar of Ashenzari.
  6230 | D:7      | Found a shattered altar of Ashenzari.
  6410 | D:8      | Found an ancient bone altar of Kikubaaqudgha.
  6421 | D:8      | Noticed a two-headed ogre
  6475 | D:8      | Reached **** piety under Uskayaw
  6479 | D:8      | Reached skill level 12 in Axes
  6479 | D:8      | Reached ***** piety under Uskayaw
  6539 | D:8      | Noticed a troll
  6556 | D:8      | Killed a troll
  6853 | D:8      | Found an ornate altar of the Wu Jian Council.
  6853 | D:8      | Noticed Joseph
  6865 | D:8      | Killed Joseph
  6865 | D:8      | Reached XP level 10. HP: 67/70 MP: 10/10
  6867 | D:8      | Reached skill level 13 in Axes
  7213 | D:8      | HP: 3/70 [two-headed ogre/giant club (14)]
  7214 | D:8      | Killed a two-headed ogre
  7957 | D:8      | Found a radiant altar of Vehumet.
  7965 | D:8      | Found an opulent altar of Gozag.
  7969 | D:8      | Found a blossoming altar of Fedhas.
  8154 | D:9      | Noticed Mirvelgyr's ghost (novice MiBe)
  8509 | D:9      | Found a sacrificial altar of Ru.
  8590 | D:9      | Noticed a two-headed ogre
  8601 | D:9      | Killed a two-headed ogre
  8601 | D:9      | Reached skill level 14 in Axes
  8629 | D:9      | Reached skill level 5 in Shields
  9378 | D:9      | Reached XP level 11. HP: 62/75 MP: 11/11
  9494 | D:9      | Found a bloodstained altar of Trog.
  9512 | D:9      | Noticed a two-headed ogre
  9535 | D:9      | Killed a two-headed ogre
  9703 | D:9      | Reached skill level 15 in Axes
 10194 | D:10     | Entered Level 10 of the Dungeon
 10586 | D:10     | Noticed a deep elf mage
 10600 | D:10     | Killed a deep elf mage
 10658 | D:10     | Found a staircase to the Orcish Mines.
 10881 | D:9      | Killed Mirvelgyr's ghost
 11340 | D:10     | Found a staircase to the Lair.
 11346 | Lair:1   | Entered Level 1 of the Lair of Beasts
 11668 | Lair:1   | Noticed a four-headed hydra
 11678 | Lair:1   | Killed a five-headed hydra
 11678 | Lair:1   | Reached skill level 16 in Axes
 12087 | Lair:1   | Reached XP level 12. HP: 60/81 MP: 12/12
 13255 | Lair:2   | Reached skill level 5 in Armour
 13258 | Lair:2   | Reached skill level 5 in Fighting
 13271 | Lair:2   | Reached skill level 10 in Shields
 14761 | Lair:3   | Reached XP level 13. HP: 79/95 MP: 13/13
 14770 | Lair:3   | Reached ****** piety under Uskayaw
 14788 | Lair:3   | Reached skill level 1 in Invocations
 15255 | Lair:3   | Found a runed door.
 15352 | Lair:3   | Found a hole to the Spider Nest.
 15670 | Lair:3   | Noticed a six-headed hydra
 15861 | Lair:4   | Noticed a five-headed hydra
 15982 | Lair:3   | Slain by a six-headed hydra

Skill      XL: |  1  2  3  4  5  6  7  8  9 10 11 12 13 |
---------------+----------------------------------------+-----
Axes           | 3 4 5 7 8 10 12 14 16 | 16.0
Shields        | 5 8 11 | 11.5
Fighting       | 6 7 |  7.7
Armour         | 6 7 |  7.7
Invocations    | 3 |  3.3

Action                   |  1- 3 |  4- 6 |  7- 9 | 10-12 | 13-15 || total
-------------------------+-------+-------+-------+-------+-------++-------
Melee: War axe           |    88 |   222 |   382 |   758 |    83 ||  1533
Invok: Stomp             |       |       |       |     1 |       ||     1
 Abil: Dig               |       |       |       |     3 |     1 ||     4
Evoke: Wand              |       |       |       |     9 |       ||     9
  Use: Potion            |       |     1 |     1 |     2 |       ||     4
       Scroll            |       |       |     6 |     5 |       ||    11
 Stab: Paralysed         |       |       |     7 |    34 |     9 ||    50
  Eat: Chunk             |       |     6 |    14 |    12 |     2 ||    34
       Ration            |       |       |       |     4 |     1 ||     5
Armor: Scale mail        |    39 |    78 |    83 |       |       ||   200
       Chain mail        |       |       |    55 |   263 |    29 ||   347
Dodge: Dodged            |    25 |    88 |   119 |   155 |    24 ||   411
Block: Shield            |    55 |   119 |   227 |   316 |       ||   717
       Reflection        |       |       |     6 |    12 |       ||    18
       Large shield      |       |       |       |   201 |    85 ||   286
